 Dungeon Crawl Stone Soup version 0.30-a0-949-g53dc5368d7 (webtiles) character file.

Game seed: 7983674922044368805

15 ytrimaz the Ruffian (level 2, 9/26 HPs)
             Began as an Armataur Berserker on Mar 27, 2023.
             Was a Follower of Trog.
             Quit the game on level 1 of the Dungeon.
             The game lasted 00:01:12 (226 turns).

ytrimaz the Ruffian (Armataur Berserker)             Turns: 226, Time: 00:01:12

Health: 9/26       AC:  4    Str: 22    XL:     2   Next: 34%
Magic:  2/2        EV:  9    Int:  7    God:    Trog [*.....]
Gold:   21         SH:  0    Dex:  9    Spells: 1/1 levels left

rFire   . . .      SeeInvis .      - Unarmed
rCold   . . .      Faith    .    (no shield)
rNeg    . . .      Spirit   .    a - +0 animal skin
rPois   .          Reflect  .    (no helmet)
rElec   .          Roll     +    (no cloak)
rCorr   .                        (no gloves)
Will    .....                    (no barding)
Stlth   +                        (no amulet)
HPRegen 0.24/turn                (no ring)
MPRegen 0.08/turn                (no ring)

@: no status effects
A: large, rugged brown scales 3, deformed body, armoured tail, roll, long
tongue, awkward tongue
a: Renounce Religion, Berserk


You were on level 1 of the Dungeon.
You worshipped Trog.
Trog was aware of your devotion.
You visited 1 branch of the dungeon, and saw 1 of its levels.

You collected 21 gold pieces.


Innate Abilities, Weirdness & Mutations

You are completely covered in rugged brown scales. (AC +3, +7% HP)
Armour fits poorly on your strangely shaped body.
You have a long armoured tail.
You roll when moving toward enemies. (Rampage)
Your long tongue fully drains potion bottles. (2x potion effects)
Your tongue gives you trouble enunciating. (1.5x scroll delay)


   Skills:
 + Level 2.9 Fighting
 + Level 2.9 Armour
 - Level 1.3 Dodging
 + Level 3.0 Unarmed Combat


You had one spell level left.
You didn't know any spells.
Your spell library was empty.

Inventory:

Armour
 a - a +0 animal skin (worn)
Scrolls
 c - a scroll of fear {unknown}
 e - a scroll of enchant armour {unknown}
 f - a scroll of identify {unknown}
Potions
 b - a potion of haste {unknown}
 d - a potion of curing {unknown}

Dungeon Overview and Level Annotations

Branches:
Dungeon (1/15) Zot: 5777

Altars:

# #..(#....# .....g
# #...#....# #....
#######...#....#
#..h
'.....'........#
#..######
#######...#....##
#)....... #
#...####..###......#
# #####
##..†.......# #
##h##.###### ##
#@#...# .# #.#...#
.# #...... .#####
#.....## .....#
#.#.... ....)#
......# ††...#
#########.# #.####
#⌠...⌠# .. #.##
#..<..#


You could see a jackal.


Message History

The kobold hits you with a +0 short sword. 😕 HP[-2]
You take 2 damage, and now have 21/26 hp.
You closely miss the kobold. The jackal bites you.
You hit the kobold.
Your tail-slap misses the kobold.
The jackal bites you but does no damage.
The kobold closely misses you. The jackal bites you. 😮 HP[-2]
You take 2 damage, and now have 19/26 hp.
You are too injured to fight recklessly!
You hit the kobold.
You kill the kobold!
Trog accepts your kill.
A hobgoblin comes into view.
The jackal closely misses you.
You are too injured to fight recklessly!
You are too injured to fight recklessly!
You are too injured to fight recklessly!
The jackal attacks as you move away! The jackal bites you.
The jackal barely misses you. 😮 HP[-2]
You take 2 damage, and now have 17/26 hp. 😮 HP[+1]
You are too injured to fight recklessly!
You hit the jackal. The jackal closely misses you.
You hit the jackal.
You kill the jackal!
Trog accepts your kill.
You are too injured to fight recklessly!
You barely miss the jackal.
You are too injured to fight recklessly!
You hit the jackal but do no damage. The jackal barely misses you. x2
The jackal bites you. 😮 HP[-1]
You take 1 damage, and now have 17/26 hp.
You hit the jackal. You tail-slap the jackal.
The jackal bites you but does no damage.
A jackal comes into view.
The jackal closely misses you.
You are too injured to fight recklessly!
You closely miss the jackal.
The jackal barks!
The jackal bites you but does no damage. x3
You are too injured to fight recklessly!
You closely miss the jackal.
Your tail-slap misses the jackal.
The jackal bites you but does no damage.
The jackal closely misses you. The jackal bites you. 😮 HP[-1]
You take 1 damage, and now have 16/26 hp.
You are too injured to fight recklessly!
You hit the jackal.
You kill the jackal!
Trog accepts your kill. The jackal bites you. 😮 HP[-2]
You take 2 damage, and now have 14/26 hp.
You barely miss the hobgoblin. The jackal closely misses you.
The hobgoblin hits you but does no damage. 😮 HP[+1]
You are too injured to fight recklessly!
You are too injured to fight recklessly!
You hit the jackal.
The jackal bites you but does no damage.
The hobgoblin barely misses you. The jackal bites you. 😮 HP[-1]
You take 1 damage, and now have 14/26 hp.
You are too injured to fight recklessly!
You barely miss the jackal. The jackal barely misses you.
The hobgoblin misses you.
You are too injured to fight recklessly!
You hit the jackal.
You kill the jackal!
Trog accepts your kill. The hobgoblin hits you.
* * * LOW HITPOINT WARNING * * *
😨 HP[-3]
You take 3 damage, and now have 11/26 hp.
The hobgoblin hits you but does no damage.
You see here a jackal corpse. 😨 HP[+1]
You are too injured to fight recklessly!
The hobgoblin attacks as you move away! The hobgoblin completely misses you.
You barely miss the hobgoblin. The hobgoblin closely misses you.
You closely miss the hobgoblin.
The hobgoblin hits you but does no damage.
You hit the hobgoblin. The hobgoblin hits you.
* * * LOW HITPOINT WARNING * * *
😨 HP[-3]
You take 3 damage, and now have 9/26 hp.
You hit the hobgoblin. The hobgoblin misses you.
You are too injured to fight recklessly!
You closely miss the hobgoblin. You hit the hobgoblin.
You kill the hobgoblin!
Trog accepts your kill.
Your Unarmed Combat skill increases to level 3!
You are too injured to fight recklessly!
You closely miss the jackal. Your punch misses the jackal.
The jackal bites you but does no damage.
Are you sure you want to abandon this character and quit the game? (Confirm with "yes".)

Skill      XL: |  1  2 |
---------------+-------+-----
Unarmed Combat | 3 |  3.0
Fighting       | |  2.9
Armour         | |  2.9
Dodging        | |  1.3

Action                     || total
---------------------------++-------
  Melee: Unarmed           ||    52
         Tailslap          ||     3
 Armour: Animal skin       ||    30
  Dodge: Dodged            ||    37

Levels and vault maps discovered:
D:1:      amcnicky_arrival_gap_in_the_tavern_cellar, layout_basic

Notes
Turn   | Place    | Note
-------+----------+-------------------------------------------
     0 | D:1      | ytrimaz the Armataur Berserker began the quest for the Orb.
     0 | D:1      | Reached XP level 1. HP: 19/19 MP: 1/1
     0 | D:1      | magus.rc [v1.9.6]
   156 | D:1      | Reached XP level 2. HP: 22/26 MP: 2/2
   225 | D:1      | Reached skill level 3 in Unarmed Combat
   226 | D:1      | Quit the game

Vanquished Creatures
  A dart slug (D:1)
  2 bats (D:1)
  2 endoplasms (D:1)
  A hobgoblin (D:1)
  3 jackals (D:1)
  A frilled lizard (D:1)
  A kobold (D:1)
11 creatures vanquished.

Table legend:
 A = Non-vault XP
 B = Vault XP
 C = Vault XP percentage of total XP
 D = Non-vault monster count
 E = Vault monster count
 F = Vault count percentage of total count
                 A         B        C        D         E       F
            +---------+---------+-------+---------+---------+-------
      Total |      22 |       0 |   0.0 |      11 |       0 |   0.0
            +---------+---------+-------+---------+---------+-------
        D:1 |      22 |       0 |   0.0 |      11 |       0 |   0.0
            +---------+---------+-------+---------+---------+-------

Illustrated notes

Table legend:
 A = Kills in this place as a percentage of kills in the entire game.
 B = Kills by you in this place as a percentage of kills by you in the entire game.
 C = Kills by friends in this place as a percentage of kills by friends in the entire game.
 D = Other kills in this place as a percentage of other kills in the entire game.
 E = Experience gained in this place as a percentage of experience gained in the entire game.
 F = Experience gained in this place divided by the number of levels of this place that you have seen.
                   A       B       C       D       E      F
               +-------+-------+-------+-------+-------+----------------------
         Total | 100.0 | 100.0 |   N/A |   N/A | 100.0 |  22.0
       Dungeon | 100.0 | 100.0 |   N/A |   N/A | 100.0 |  22.0
               +-------+-------+-------+-------+-------+----------------------

Table legend: (Time is in decaauts)
 A = Elapsed time spent in this place.
 B = Non-inter-level travel time spent in this place.
 C = Inter-level travel time spent in this place.
 D = Time resting spent in this place.
 E = Time spent auto-exploring this place.
 F = Levels seen in this place.
 G = Mean time per level.
                   A        B        C        D        E       F      G
               +--------+--------+--------+--------+--------+-----+--------+
         Total |    222 |    222 |      0 |      0 |    130 |   1 |  222.0 |
       Dungeon |    222 |    222 |      0 |      0 |    130 |   1 |  222.0 |
               +--------+--------+--------+--------+--------+-----+--------+

Top non-repeatable levels by time:
     D:1: 222 daAuts
